Login

Colorado Eagles vs Iowa Wild

Created - 11 March 2024 at 23:12

Goals
1 2 3 OT1 SO T
Colorado Eagles 0 3 1 0 1 4
Iowa Wild 0 3 1 0 2 5
Shots
1 2 3 OT1 SO T
Colorado Eagles 14 10 7 1 7 32
Iowa Wild 5 24 7 1 7 37

GoalsPenalties
1st period
No Goal
Nic Petan (IOW) for High sticking (Minor) at 15:55
2nd period
1. Colorado Eagles , Sampo Ranta 4 (Bowen Byram 6, Jean-Luc Foudy 5) at 0:20
2. Colorado Eagles , Ben Meyers 5 (Bowen Byram 7, Riley Tufte 3) at 0:32
3. Iowa Wild , Adam Raska 4 (Sammy Walker 5, Brock Faber 2) at 1:11 (PP)
4. Iowa Wild , Jacob Lucchini 1 (Nick Ritchie 2, Nic Petan 6) at 4:35 (PP)
5. Colorado Eagles , Corey Schueneman 1 (Bowen Byram 8, Alex Beaucage 1) at 12:27
6. Iowa Wild , Sammy Walker 6 (Adam Beckman 4) at 14:01
Chris Wagner (COL) for Delaying the game (Minor) at 0:56
Brad Hunt (COL) for Cross-checking (Minor) at 3:49
Dakota Mermis (IOW) for Tripping (Minor) at 17:42
3rd period
7. Iowa Wild , Sammy Walker 7 (Brock Faber 3, Nic Petan 7) at 13:10 (PP)
8. Colorado Eagles , Brad Hunt 1 (Alex Beaucage 2, Spencer Smallman 1) at 14:06
Keaton Middleton (COL) for Hooking (Minor) at 1:02
Keaton Middleton (COL) for Interference (Minor) at 12:56
Dakota Mermis (IOW) for Roughing (Minor) at 14:47
Overtime #1
No Goal
Shootout
Colorado Eagles, Chris Wagner - Goal!
Iowa Wild, Adam Beckman - Stopped by Ivan Prosvetov
Colorado Eagles, Riley Tufte - Stopped by Michael Hutchinson
Iowa Wild, Nick Ritchie - Goal!
Colorado Eagles, Ben Meyers - Shot Misses the Net
Iowa Wild, Nic Petan - Stopped by Ivan Prosvetov
Colorado Eagles, Sampo Ranta - Stopped by Michael Hutchinson
Iowa Wild, Jacob Lucchini - Shot Misses the Net
Colorado Eagles, Jean-Luc Foudy - Stopped by Michael Hutchinson
Iowa Wild, Sammy Walker - Stopped by Ivan Prosvetov
Colorado Eagles, Brad Hunt - Stopped by Michael Hutchinson
Iowa Wild, Marco Rossi - Shot Misses the Net
Colorado Eagles, Keaton Middleton - Stopped by Michael Hutchinson
Iowa Wild, Vinni Lettieri - Goal!
Goalie Stats
Ivan Prosvetov (COL), 33 saves from 37 shots - (0.892), OTL, 0-3-1, 65:00 minutes
Michael Hutchinson (IOW), 28 saves from 32 shots - (0.875), W, 2-1-0, 65:00 minutes
3 StarsOfficial
1 - Sammy Walker (IOW)
2 - Bowen Byram (COL)
3 - Corey Schueneman (COL)
Referees : TJ Luxmore and Chris Lee
Linesman : Travis Gawryletz and Ryan Daisy
Game Note
No Game Note
Finance
Level 1 -- Attendance: 1803 (90.15%) -- Ticket Income $63,105
Level 2 -- Attendance: 941 (94.10%) -- Ticket Income $14,115
Total Attendance: 2744 (91.47%)
Total Ticket Income: $77,220
Other Income: $37,838
Total Income: $115,058



Team Name Goals Shots Shots Attemp Shots Blocked PIM HIT PP PK FO%
Colorado Eagles 43254108160 / 3 (0%)356%
Iowa Wild 5376596193 / 4 (75%)044%

Colorado Eagles
Player Name POS G A P +/- PIM HIT SHT SB MP PP MP PP SHT PK MP PK SHT FO% FOT GA TA
Alex BeaucageRW0221013117:050:1400:090100% 100
Ben MeyersC1011017022:553:0500:31052% 2300
Bowen ByramD0332018230:513:5102:0000% 012
Brad HuntD1011212119:122:0601:0300% 000
Chris WagnerRW0001212125:013:0501:52067% 601
Corey SchuenemanD1013003027:103:5102:0000% 010
Jack AhcanD0000001012:540:0000:5500% 000
Jason PolinRW000000003:340:1400:0000% 000
Jean-Luc FoudyC0111014120:102:3810:09054% 1300
Keaton MiddletonD0001420218:202:0600:1100% 000
Matt StienburgRW000000001:380:1400:0000% 000
Nate ClurmanD0000000111:470:0000:0000% 000
Ondrej PavelC0001010013:550:0000:00067% 601
Oskar OlaussonRW0001021019:432:3800:0000% 101
Riley TufteLW0111010125:423:0502:08033% 311
Sam MalinskiD000-100005:010:0000:2500% 000
Sampo RantaLW1011001020:432:3800:510100% 101
Spencer SmallmanRW0111040016:010:0000:420100% 110
Iowa Wild
Player Name POS G A P +/- PIM HIT SHT SB MP PP MP PP SHT PK MP PK SHT FO% FOT GA TA
Adam BeckmanLW0111003116:210:0001:3800% 000
Adam RaskaRW101-1031017:532:1110:0000% 200
Brock FaberD022-3010329:022:2303:1000% 000
Carl DahlstromD0000000014:020:0001:1600% 001
Daemon HuntD0000000020:080:5102:2000% 000
Dakota MermisD000-3412127:472:2301:0600% 002
Jacob LucchiniC101-1034322:471:0311:14025% 400
Justin BaileyRW0001010013:140:0000:0000% 000
Marco RossiC000-1003016:570:0000:00050% 1820
Nic PetanC022-3234021:442:1111:55045% 2000
Nick RitchieLW011-3024020:051:0301:0700% 120
Nick SwaneyRW000-3012017:161:0300:000100% 100
Ryan O'RourkeD0000001120:170:5102:4800% 001
Sam HentgesC000000003:550:0002:0000% 200
Sammy WalkerC21310310018:522:1133:02050% 620
Simon JohanssonD0000000014:000:0001:1400% 000
Vinni LettieriC000001207:170:0000:4800% 010
Vladislav FirstovLW000000107:230:0000:100100% 100

Colorado Eagles

5 vs 5 Forward
Line #Left WingCenterRight WingPHYDFOFWanted %Time %Time Play
1Riley TufteBen MeyersChris Wagner1224036%18:10
2Sampo RantaJean-Luc FoudyOskar Olausson1223034%17:08
3Alex BeaucageOndrej PavelSpencer Smallman1222027%13:42
4Riley TufteChris WagnerAlex Beaucage122104%1:49
5 vs 5 Defense
Line #DefenseDefensePHYDFOFWanted %Time %Time Play
1Bowen ByramCorey Schueneman1224037%19:00
2Brad HuntKeaton Middleton1223030%15:26
3Nate ClurmanJack Ahcan1222023%11:47
4Sam MalinskiBowen Byram122109%4:36
Power Play Forward
Line #Left WingCenterRight WingPHYDFOFWanted %Time %Time Play
1Riley TufteBen MeyersChris Wagner1226056%3:19
2Sampo RantaJean-Luc FoudyOskar Olausson1224044%2:38
Power Play Defense
Line #DefenseDefensePHYDFOFWanted %Time %Time Play
1Bowen ByramCorey Schueneman1226065%3:51
2Brad HuntKeaton Middleton1224035%2:06
Penalty Kill 4 Players Forward
Line #CenterWingPHYDFOFWanted %Time %Time Play
1Chris WagnerRiley Tufte1226084%2:43
2Ben MeyersSampo Ranta1224016%0:31
Penalty Kill 4 Players Defense
Line #DefenseDefensePHYDFOFWanted %Time %Time Play
1Bowen ByramCorey Schueneman1226062%2:00
2Brad HuntKeaton Middleton1224038%1:14
Penalty Kill 3 Players
Line #WingPHYDFOFWanted %Time %Time PlayDefenseDefensePHYDFOFWanted %Time %Time Play
1Chris Wagner122600%0:00 Bowen ByramCorey Schueneman122600%0:00
2Riley Tufte122400%0:00 Brad HuntKeaton Middleton122400%0:00
4 vs 4 Forward
Line #CenterWingPHYDFOFWanted %Time %Time Play
1Chris WagnerRiley Tufte122600%0:00
2Ben MeyersSampo Ranta122400%0:00
4 vs 4 Defense
Line #DefensePHYDFOFWanted %Time %Time Play
1Bowen ByramCorey Schueneman122600%0:00
2Brad HuntKeaton Middleton122400%0:00
Last Minutes Offensive
Left WingCenterRight WingDefenseDefense
Riley TufteBen MeyersChris WagnerBowen ByramCorey Schueneman
Last Minutes Defensive
Left WingCenterRight WingDefenseDefense
Riley TufteBen MeyersChris WagnerBowen ByramCorey Schueneman
Time
Total ForwardTotal DefenseLast Minutes OffensiveLast Minutes Defensive
60:00 60:00 0:000:00
Extra Forwards
Normal PowerPlayPenalty Kill
Jason Polin, Matt Stienburg, Spencer SmallmanJason Polin, Matt StienburgSpencer Smallman
Extra Defensemen
Normal PowerPlayPenalty Kill
Nate Clurman, Jack Ahcan, Sam MalinskiNate Clurman, Jack AhcanSam Malinski
Penalty Shots
Chris Wagner, Riley Tufte, Ben Meyers, Sampo Ranta, Jean-Luc Foudy
Goalie
Ivan Prosvetov, Trent Miner
Custom OT Lines Forwards
Chris Wagner, Riley Tufte, Ben Meyers, Sampo Ranta, Jean-Luc Foudy, Oskar Olausson, Spencer Smallman, Alex Beaucage, Jason Polin, Ondrej Pavel
Custom OT Lines Defensemen
Bowen Byram, Corey Schueneman, Brad Hunt, Keaton Middleton, Nate Clurman
Scratches
Wyatt Aamodt (Healthy)

Iowa Wild

5 vs 5 Forward
Line #Left WingCenterRight WingPHYDFOFWanted %Time %Time Play
1Jacob LucchiniMarco RossiAdam Raska1224033%16:31
2Nick RitchieNic PetanNick Swaney1223033%16:39
3Adam BeckmanSammy WalkerJustin Bailey1222022%11:10
4Vladislav FirstovJacob LucchiniVinni Lettieri1221013%6:29
5 vs 5 Defense
Line #DefenseDefensePHYDFOFWanted %Time %Time Play
1Dakota MermisBrock Faber1224039%19:49
2Daemon HuntRyan O'Rourke1223032%16:03
3Simon JohanssonCarl Dahlstrom1222024%12:26
4Dakota MermisBrock Faber122105%2:31
Power Play Forward
Line #Left WingCenterRight WingPHYDFOFWanted %Time %Time Play
1Sammy WalkerNic PetanAdam Raska1226068%2:11
2Nick RitchieJacob LucchiniNick Swaney1224032%1:03
Power Play Defense
Line #DefenseDefensePHYDFOFWanted %Time %Time Play
1Dakota MermisBrock Faber1226074%2:23
2Daemon HuntRyan O'Rourke1224026%0:51
Penalty Kill 4 Players Forward
Line #CenterWingPHYDFOFWanted %Time %Time Play
1Nic PetanSammy Walker1226081%4:50
2Jacob LucchiniNick Ritchie1224019%1:07
Penalty Kill 4 Players Defense
Line #DefenseDefensePHYDFOFWanted %Time %Time Play
1Dakota MermisBrock Faber1226065%3:52
2Daemon HuntRyan O'Rourke1224035%2:05
Penalty Kill 3 Players
Line #WingPHYDFOFWanted %Time %Time PlayDefenseDefensePHYDFOFWanted %Time %Time Play
1Nic Petan122600%0:00 Dakota MermisBrock Faber122600%0:00
2Jacob Lucchini122400%0:00 Daemon HuntRyan O'Rourke122400%0:00
4 vs 4 Forward
Line #CenterWingPHYDFOFWanted %Time %Time Play
1Nic PetanAdam Raska122600%0:00
2Jacob LucchiniNick Ritchie122400%0:00
4 vs 4 Defense
Line #DefensePHYDFOFWanted %Time %Time Play
1Dakota MermisBrock Faber122600%0:00
2Daemon HuntRyan O'Rourke122400%0:00
Last Minutes Offensive
Left WingCenterRight WingDefenseDefense
Nick RitchieNic PetanAdam RaskaDakota MermisBrock Faber
Last Minutes Defensive
Left WingCenterRight WingDefenseDefense
Nick RitchieNic PetanAdam RaskaDakota MermisBrock Faber
Time
Total ForwardTotal DefenseLast Minutes OffensiveLast Minutes Defensive
60:00 60:00 0:000:00
Extra Forwards
Normal PowerPlayPenalty Kill
Sammy Walker, Adam Beckman, Marco RossiSammy Walker, Adam BeckmanSammy Walker
Extra Defensemen
Normal PowerPlayPenalty Kill
Ryan O'Rourke, Simon Johansson, Carl DahlstromRyan O'Rourke, Ryan O'RourkeSimon Johansson
Penalty Shots
Adam Beckman, Nick Ritchie, Nic Petan, Jacob Lucchini, Sammy Walker
Goalie
Michael Hutchinson, Jesper Wallstedt
Custom OT Lines Forwards
Justin Bailey, Nick Ritchie, Nic Petan, Jacob Lucchini, Sammy Walker, Adam Beckman, Marco Rossi, Adam Raska, Nick Swaney, Vinni Lettieri
Custom OT Lines Defensemen
Dakota Mermis, Brock Faber, Daemon Hunt, Ryan O'Rourke, Simon Johansson
Scratches
Maxim Cajkovic (Healthy), Steven Fogarty (Healthy), Michael Milne (Healthy), Hunter Jones (Healthy), Zane McIntyre (Healthy)


Play-by-Play

1st period


0:01 of 1st period - Marco Rossi wins face-off versus Ben Meyers in neutral zone.
0:50 of 1st period - Corey Schueneman is hit by Nick Ritchie and loses puck.
1:01 of 1st period - Slapshot by Bowen Byram.
1:01 of 1st period - Stopped by Michael Hutchinson with a rebound.
1:11 of 1st period - Wrist shot by Ben Meyers.
1:11 of 1st period - Stopped by Michael Hutchinson with a rebound.
1:13 of 1st period - Snap shot by Bowen Byram.
1:13 of 1st period - Shot Blocked by Jacob Lucchini.
1:15 of 1st period - Slapshot by Bowen Byram.
1:15 of 1st period - Stopped by Michael Hutchinson with a rebound.
1:17 of 1st period - Slapshot by Corey Schueneman.
1:17 of 1st period - Stopped by Michael Hutchinson with a rebound.
1:19 of 1st period - Slapshot by Bowen Byram.
1:19 of 1st period - Stopped by Michael Hutchinson with a rebound.
1:21 of 1st period - Snap shot by Ben Meyers.
1:21 of 1st period - Stopped by Michael Hutchinson with a rebound.
1:23 of 1st period - Slapshot by Corey Schueneman.
1:23 of 1st period - Stopped by Michael Hutchinson with a rebound.
1:25 of 1st period - Snap shot by Chris Wagner.
1:25 of 1st period - Shot Misses the Net.
1:27 of 1st period - Slapshot by Ben Meyers.
1:27 of 1st period - Shot Misses the Net.
1:29 of 1st period - Snap shot by Bowen Byram.
1:29 of 1st period - Stopped by Michael Hutchinson with a rebound.
1:31 of 1st period - Slapshot by Chris Wagner.
1:31 of 1st period - Shot Hit the Post.
1:35 of 1st period - Slapshot by Bowen Byram.
1:35 of 1st period - Stopped by Michael Hutchinson with a rebound.
1:37 of 1st period - Slapshot by Ben Meyers.
1:37 of 1st period - Stopped by Michael Hutchinson without a rebound.
1:38 of 1st period - Jean-Luc Foudy wins face-off versus Nic Petan in Iowa Wild zone.
1:43 of 1st period - Snap shot by Jean-Luc Foudy.
1:43 of 1st period - Stopped by Michael Hutchinson without a rebound.
1:44 of 1st period - Jean-Luc Foudy wins face-off versus Nic Petan in Iowa Wild zone.
2:17 of 1st period - Snap shot by Marco Rossi.
2:17 of 1st period - Shot Misses the Net.
2:33 of 1st period - Daemon Hunt is hit by Spencer Smallman and loses puck.
3:25 of 1st period - Bowen Byram is hit by Jacob Lucchini.
3:32 of 1st period - Icing by Spencer Smallman.
3:33 of 1st period - Jean-Luc Foudy wins face-off versus Sammy Walker in Colorado Eagles zone.
4:06 of 1st period - Snap shot by Nic Petan.
4:06 of 1st period - Deflect By Jacob Lucchini.
4:06 of 1st period - Shot Misses the Net.
4:06 of 1st period - Puck is out of play.
4:07 of 1st period - Marco Rossi wins face-off versus Ben Meyers in Colorado Eagles zone.
4:22 of 1st period - Daemon Hunt is hit by Keaton Middleton and loses puck.
4:33 of 1st period - Nick Ritchie is hit by Keaton Middleton.
4:45 of 1st period - Wrist shot by Nic Petan.
4:45 of 1st period - Shot Blocked by Bowen Byram.
5:01 of 1st period - Brock Faber is hit by Spencer Smallman and loses puck.
5:29 of 1st period - Wrist shot by Nick Ritchie.
5:29 of 1st period - Stopped by Ivan Prosvetov with a rebound.
5:31 of 1st period - Wrist shot by Nic Petan.
5:31 of 1st period - Deflect By Brad Hunt.
5:31 of 1st period - Shot Blocked by Jean-Luc Foudy.
5:31 of 1st period - Puck is out of play.
5:32 of 1st period - Nick Swaney wins face-off versus Jean-Luc Foudy in Colorado Eagles zone.
5:33 of 1st period - Slapshot by Nick Ritchie.
5:33 of 1st period - Stopped by Ivan Prosvetov without a rebound.
5:34 of 1st period - Jean-Luc Foudy wins face-off versus Nick Ritchie in Colorado Eagles zone.
5:39 of 1st period - Jean-Luc Foudy is hit by Nick Ritchie and loses puck.
6:02 of 1st period - Wrist shot by Riley Tufte.
6:02 of 1st period - Shot Blocked by Jacob Lucchini.
6:04 of 1st period - Snap shot by Bowen Byram.
6:04 of 1st period - Shot Misses the Net.
6:10 of 1st period - Slapshot by Riley Tufte.
6:10 of 1st period - Shot Misses the Net.
6:23 of 1st period - Off-side.
6:24 of 1st period - Sammy Walker wins face-off versus Ondrej Pavel in neutral zone.
6:35 of 1st period - Snap shot by Sammy Walker.
6:35 of 1st period - Shot Misses the Net.
6:37 of 1st period - Slapshot by Brock Faber.
6:37 of 1st period - Shot Blocked by Brad Hunt.
6:39 of 1st period - Slapshot by Adam Beckman.
6:39 of 1st period - Deflect By Sammy Walker.
6:39 of 1st period - Stopped by Ivan Prosvetov with a rebound.
6:51 of 1st period - Riley Tufte is hit by Adam Raska and loses puck.
7:16 of 1st period - Sampo Ranta is hit by Nick Swaney and loses puck.
10:16 of 1st period - Adam Beckman is hit by Oskar Olausson and loses puck.
10:27 of 1st period - Marco Rossi is hit by Ondrej Pavel and loses puck.
11:06 of 1st period - Keaton Middleton is hit by Nic Petan and loses puck.
12:30 of 1st period - Icing by Ryan O'Rourke.
12:31 of 1st period - Nic Petan wins face-off versus Ondrej Pavel in Iowa Wild zone.
14:11 of 1st period - Snap shot by Nick Ritchie.
14:11 of 1st period - Stopped by Ivan Prosvetov with a rebound.
14:13 of 1st period - Wrist shot by Nick Swaney.
14:13 of 1st period - Shot Misses the Net.
14:59 of 1st period - Snap shot by Jacob Lucchini.
14:59 of 1st period - Deflect By Ondrej Pavel.
14:59 of 1st period - Stopped by Ivan Prosvetov with a rebound.
15:13 of 1st period - Ondrej Pavel is hit by Dakota Mermis and loses puck.
15:24 of 1st period - Wrist shot by Jean-Luc Foudy.
15:24 of 1st period - Shot Misses the Net.
15:26 of 1st period - Wrist shot by Jean-Luc Foudy.
15:26 of 1st period - Shot Blocked by Adam Beckman.
15:28 of 1st period - Slapshot by Jean-Luc Foudy.
15:28 of 1st period - Stopped by Michael Hutchinson without a rebound.
15:29 of 1st period - Jean-Luc Foudy wins face-off versus Nic Petan in Iowa Wild zone.
15:40 of 1st period - Slapshot by Oskar Olausson.
15:40 of 1st period - Stopped by Michael Hutchinson with a rebound.
15:55 of 1st period - Minor Penalty to Nic Petan for High sticking.
15:56 of 1st period - Ben Meyers wins face-off versus Sam Hentges in Iowa Wild zone.
16:25 of 1st period - Slapshot by Bowen Byram.
16:25 of 1st period - Shot Misses the Net.
16:27 of 1st period - Wrist shot by Jean-Luc Foudy.
16:27 of 1st period - Stopped by Michael Hutchinson without a rebound.
16:28 of 1st period - Ben Meyers wins face-off versus Sam Hentges in Iowa Wild zone.
17:10 of 1st period - Snap shot by Adam Beckman.
17:10 of 1st period - Shot Misses the Net.
17:55 of 1st period - Penalty to Nic Petan is over, Nic Petan is back on ice.
18:02 of 1st period - Alex Beaucage is hit by Adam Raska and loses puck.
19:14 of 1st period - Chris Wagner is hit by Jacob Lucchini and loses puck.
Goals for this period are 0 for Colorado Eagles vs 0 for Iowa Wild.
Shots for this period are 14 for Colorado Eagles vs 5 for Iowa Wild.

2nd period


0:01 of 2nd period - Ben Meyers wins face-off versus Marco Rossi in neutral zone.
0:10 of 2nd period - Snap shot by Chris Wagner.
0:10 of 2nd period - Shot Misses the Net.
0:12 of 2nd period - Slapshot by Bowen Byram.
0:12 of 2nd period - Shot Blocked by Jacob Lucchini.
0:14 of 2nd period - Snap shot by Chris Wagner.
0:14 of 2nd period - Shot Misses the Net.
0:16 of 2nd period - Wrist shot by Ben Meyers.
0:16 of 2nd period - Stopped by Michael Hutchinson without a rebound.
0:17 of 2nd period - Jean-Luc Foudy wins face-off versus Nic Petan in Iowa Wild zone.
0:18 of 2nd period - Backhand shot by Bowen Byram.
0:18 of 2nd period - Stopped by Michael Hutchinson with a rebound.
0:20 of 2nd period - Wrist shot by Sampo Ranta.
0:20 of 2nd period - Goal by Sampo Ranta - Colorado Eagles : 1 - Iowa Wild : 0.
0:21 of 2nd period - Riley Tufte wins face-off versus Marco Rossi in neutral zone.
0:32 of 2nd period - Wrist shot by Ben Meyers.
0:32 of 2nd period - Goal by Ben Meyers - Colorado Eagles : 2 - Iowa Wild : 0.
0:33 of 2nd period - Ben Meyers wins face-off versus Marco Rossi in neutral zone.
0:42 of 2nd period - Snap shot by Ben Meyers.
0:42 of 2nd period - Shot Misses the Net.
0:56 of 2nd period - Minor Penalty to Chris Wagner for Delaying the game.
0:57 of 2nd period - Spencer Smallman wins face-off versus Nic Petan in Colorado Eagles zone.
0:57 of 2nd period - Spencer Smallman is hit by Adam Raska.
1:09 of 2nd period - Wrist shot by Sammy Walker.
1:09 of 2nd period - Stopped by Ivan Prosvetov with a rebound.
1:11 of 2nd period - Snap shot by Adam Raska.
1:11 of 2nd period - Goal by Adam Raska - Colorado Eagles : 2 - Iowa Wild : 1.
1:12 of 2nd period - Ben Meyers wins face-off versus Marco Rossi in neutral zone.
1:27 of 2nd period - Icing by Riley Tufte.
1:28 of 2nd period - Chris Wagner wins face-off versus Nic Petan in Colorado Eagles zone.
1:57 of 2nd period - Wrist shot by Chris Wagner.
1:57 of 2nd period - Stopped by Michael Hutchinson without a rebound.
1:58 of 2nd period - Marco Rossi wins face-off versus Jean-Luc Foudy in Iowa Wild zone.
2:05 of 2nd period - Wrist shot by Marco Rossi.
2:05 of 2nd period - Stopped by Ivan Prosvetov with a rebound.
3:16 of 2nd period - Slapshot by Jacob Lucchini.
3:16 of 2nd period - Shot Blocked by Alex Beaucage.
3:26 of 2nd period - Snap shot by Nic Petan.
3:26 of 2nd period - Stopped by Ivan Prosvetov without a rebound.
3:27 of 2nd period - Nic Petan wins face-off versus Riley Tufte in Colorado Eagles zone.
3:49 of 2nd period - Minor Penalty to Brad Hunt for Cross-checking.
3:50 of 2nd period - Nic Petan wins face-off versus Chris Wagner in Colorado Eagles zone.
3:51 of 2nd period - Wrist shot by Sammy Walker.
3:51 of 2nd period - Shot Misses the Net.
3:55 of 2nd period - Snap shot by Nic Petan.
3:55 of 2nd period - Stopped by Ivan Prosvetov with a rebound.
3:57 of 2nd period - Wrist shot by Sammy Walker.
3:57 of 2nd period - Stopped by Ivan Prosvetov without a rebound.
3:58 of 2nd period - Chris Wagner wins face-off versus Nic Petan in Colorado Eagles zone.
4:35 of 2nd period - Slapshot by Jacob Lucchini.
4:35 of 2nd period - Goal by Jacob Lucchini - Colorado Eagles : 2 - Iowa Wild : 2.
4:36 of 2nd period - Ben Meyers wins face-off versus Marco Rossi in neutral zone.
4:39 of 2nd period - Slapshot by Bowen Byram.
4:39 of 2nd period - Stopped by Michael Hutchinson with a rebound.
5:03 of 2nd period - Sampo Ranta is hit by Nic Petan and loses puck.
5:28 of 2nd period - Ondrej Pavel is hit by Sammy Walker and loses puck.
5:45 of 2nd period - Slapshot by Vinni Lettieri.
5:45 of 2nd period - Stopped by Ivan Prosvetov without a rebound.
5:46 of 2nd period - Ben Meyers wins face-off versus Jacob Lucchini in Colorado Eagles zone.
6:13 of 2nd period - Icing by Justin Bailey.
6:14 of 2nd period - Sammy Walker wins face-off versus Jean-Luc Foudy in Iowa Wild zone.
6:30 of 2nd period - Snap shot by Adam Beckman.
6:30 of 2nd period - Shot Misses the Net.
6:49 of 2nd period - Slapshot by Brock Faber.
6:49 of 2nd period - Shot Blocked by Bowen Byram.
6:51 of 2nd period - Slapshot by Sammy Walker.
6:51 of 2nd period - Shot Misses the Net.
6:55 of 2nd period - Snap shot by Sammy Walker.
6:55 of 2nd period - Stopped by Ivan Prosvetov with a rebound.
6:57 of 2nd period - Wrist shot by Sammy Walker.
6:57 of 2nd period - Stopped by Ivan Prosvetov with a rebound.
7:01 of 2nd period - Wrist shot by Sammy Walker.
7:01 of 2nd period - Stopped by Ivan Prosvetov with a rebound.
7:11 of 2nd period - Snap shot by Adam Beckman.
7:11 of 2nd period - Stopped by Ivan Prosvetov without a rebound.
7:12 of 2nd period - Marco Rossi wins face-off versus Ben Meyers in Colorado Eagles zone.
7:13 of 2nd period - Snap shot by Adam Raska.
7:13 of 2nd period - Shot Blocked by Keaton Middleton.
7:17 of 2nd period - Wrist shot by Jacob Lucchini.
7:17 of 2nd period - Shot Blocked by Riley Tufte.
7:19 of 2nd period - Slapshot by Ryan O'Rourke.
7:19 of 2nd period - Stopped by Ivan Prosvetov with a rebound.
7:23 of 2nd period - Snap shot by Adam Raska.
7:23 of 2nd period - Shot Misses the Net.
7:50 of 2nd period - Snap shot by Nic Petan.
7:50 of 2nd period - Stopped by Ivan Prosvetov with a rebound.
7:52 of 2nd period - Slapshot by Nic Petan.
7:52 of 2nd period - Shot Misses the Net.
7:54 of 2nd period - Wrist shot by Nic Petan.
7:54 of 2nd period - Stopped by Ivan Prosvetov without a rebound.
7:55 of 2nd period - Nic Petan wins face-off versus Chris Wagner in Colorado Eagles zone.
9:55 of 2nd period - Snap shot by Sammy Walker.
9:55 of 2nd period - Shot Misses the Net.
10:22 of 2nd period - Icing by Adam Raska.
10:23 of 2nd period - Ondrej Pavel wins face-off versus Nic Petan in Iowa Wild zone.
10:31 of 2nd period - Off-side.
10:32 of 2nd period - Marco Rossi wins face-off versus Ben Meyers in neutral zone.
10:57 of 2nd period - Adam Raska is hit by Oskar Olausson and loses puck.
11:16 of 2nd period - Snap shot by Marco Rossi.
11:16 of 2nd period - Stopped by Ivan Prosvetov with a rebound.
11:48 of 2nd period - Snap shot by Sammy Walker.
11:48 of 2nd period - Stopped by Ivan Prosvetov with a rebound.
12:02 of 2nd period - Ben Meyers is hit by Jacob Lucchini and loses puck.
12:13 of 2nd period - Wrist shot by Ben Meyers.
12:13 of 2nd period - Stopped by Michael Hutchinson with a rebound.
12:15 of 2nd period - Slapshot by Alex Beaucage.
12:15 of 2nd period - Stopped by Michael Hutchinson without a rebound.
12:16 of 2nd period - Ondrej Pavel wins face-off versus Nic Petan in Iowa Wild zone.
12:27 of 2nd period - Slapshot by Corey Schueneman.
12:27 of 2nd period - Goal by Corey Schueneman - Colorado Eagles : 3 - Iowa Wild : 2.
12:28 of 2nd period - Ben Meyers wins face-off versus Marco Rossi in neutral zone.
13:17 of 2nd period - Icing by Justin Bailey.
13:18 of 2nd period - Ben Meyers wins face-off versus Sammy Walker in Iowa Wild zone.
13:27 of 2nd period - Snap shot by Chris Wagner.
13:27 of 2nd period - Stopped by Michael Hutchinson with a rebound.
13:29 of 2nd period - Snap shot by Chris Wagner.
13:29 of 2nd period - Shot Misses the Net.
13:59 of 2nd period - Snap shot by Adam Beckman.
13:59 of 2nd period - Stopped by Ivan Prosvetov with a rebound.
14:01 of 2nd period - Snap shot by Sammy Walker.
14:01 of 2nd period - Goal by Sammy Walker - Colorado Eagles : 3 - Iowa Wild : 3.
14:02 of 2nd period - Alex Beaucage wins face-off versus Marco Rossi in neutral zone.
14:15 of 2nd period - Wrist shot by Jacob Lucchini.
14:15 of 2nd period - Stopped by Ivan Prosvetov with a rebound.
14:17 of 2nd period - Snap shot by Adam Raska.
14:17 of 2nd period - Shot Misses the Net.
14:19 of 2nd period - Snap shot by Marco Rossi.
14:19 of 2nd period - Deflect By Adam Raska.
14:19 of 2nd period - Shot Misses the Net.
14:19 of 2nd period - Puck is out of play.
14:20 of 2nd period - Nic Petan wins face-off versus Jean-Luc Foudy in Colorado Eagles zone.
14:21 of 2nd period - Snap shot by Nick Ritchie.
14:21 of 2nd period - Deflect By Nick Swaney.
14:21 of 2nd period - Stopped by Ivan Prosvetov with a rebound.
14:26 of 2nd period - Off-side.
14:27 of 2nd period - Nic Petan wins face-off versus Jean-Luc Foudy in neutral zone.
14:30 of 2nd period - Snap shot by Nick Swaney.
14:30 of 2nd period - Shot Misses the Net.
14:51 of 2nd period - Icing by Nic Petan.
14:52 of 2nd period - Chris Wagner wins face-off versus Marco Rossi in Iowa Wild zone.
15:03 of 2nd period - Backhand shot by Marco Rossi.
15:03 of 2nd period - Stopped by Ivan Prosvetov without a rebound.
15:04 of 2nd period - Marco Rossi wins face-off versus Ben Meyers in Colorado Eagles zone.
15:31 of 2nd period - Nick Swaney is hit by Spencer Smallman.
16:02 of 2nd period - Brad Hunt is hit by Justin Bailey and loses puck.
16:15 of 2nd period - Simon Johansson is hit by Riley Tufte and loses puck.
16:45 of 2nd period - Backhand shot by Nick Ritchie.
16:45 of 2nd period - Stopped by Ivan Prosvetov with a rebound.
16:47 of 2nd period - Snap shot by Nick Swaney.
16:47 of 2nd period - Stopped by Ivan Prosvetov without a rebound.
16:48 of 2nd period - Jean-Luc Foudy wins face-off versus Sammy Walker in Colorado Eagles zone.
17:42 of 2nd period - Minor Penalty to Dakota Mermis for Tripping.
17:43 of 2nd period - Nic Petan wins face-off versus Ben Meyers in Iowa Wild zone.
19:42 of 2nd period - Penalty to Dakota Mermis is over, Dakota Mermis is back on ice.
19:51 of 2nd period - Adam Beckman is hit by Bowen Byram and loses puck.
Goals for this period are 3 for Colorado Eagles vs 3 for Iowa Wild.
Shots for this period are 10 for Colorado Eagles vs 24 for Iowa Wild.

3rd period


0:01 of 3rd period - Jacob Lucchini wins face-off versus Ben Meyers in neutral zone.
0:08 of 3rd period - Slapshot by Dakota Mermis.
0:08 of 3rd period - Stopped by Ivan Prosvetov with a rebound.
0:10 of 3rd period - Slapshot by Brock Faber.
0:10 of 3rd period - Shot Misses the Net.
0:12 of 3rd period - Snap shot by Adam Raska.
0:12 of 3rd period - Shot Misses the Net.
0:49 of 3rd period - Ryan O'Rourke is hit by Alex Beaucage and loses puck.
1:02 of 3rd period - Minor Penalty to Keaton Middleton for Hooking.
1:03 of 3rd period - Chris Wagner wins face-off versus Adam Raska in Colorado Eagles zone.
2:12 of 3rd period - Ben Meyers is hit by Sammy Walker and loses puck.
3:02 of 3rd period - Penalty to Keaton Middleton is over, Keaton Middleton is back on ice.
4:33 of 3rd period - Slapshot by Brock Faber.
4:33 of 3rd period - Deflect By Vinni Lettieri.
4:33 of 3rd period - Stopped by Ivan Prosvetov with a rebound.
4:35 of 3rd period - Slapshot by Dakota Mermis.
4:35 of 3rd period - Stopped by Ivan Prosvetov with a rebound.
4:37 of 3rd period - Wrist shot by Vladislav Firstov.
4:37 of 3rd period - Stopped by Ivan Prosvetov without a rebound.
4:38 of 3rd period - Vladislav Firstov wins face-off versus Oskar Olausson in Colorado Eagles zone.
5:22 of 3rd period - Snap shot by Vladislav Firstov.
5:22 of 3rd period - Shot Misses the Net.
6:26 of 3rd period - Dakota Mermis is hit by Chris Wagner and loses puck.
6:43 of 3rd period - Slapshot by Jean-Luc Foudy.
6:43 of 3rd period - Stopped by Michael Hutchinson with a rebound.
6:45 of 3rd period - Slapshot by Jack Ahcan.
6:45 of 3rd period - Stopped by Michael Hutchinson with a rebound.
7:34 of 3rd period - Ben Meyers is hit by Sammy Walker and loses puck.
8:04 of 3rd period - Spencer Smallman is hit by Brock Faber and loses puck.
8:41 of 3rd period - Wrist shot by Adam Beckman.
8:41 of 3rd period - Stopped by Ivan Prosvetov with a rebound.
9:24 of 3rd period - Slapshot by Adam Raska.
9:24 of 3rd period - Shot Misses the Net.
10:24 of 3rd period - Keaton Middleton is hit by Vinni Lettieri.
10:42 of 3rd period - Snap shot by Marco Rossi.
10:42 of 3rd period - Deflect By Sammy Walker.
10:42 of 3rd period - Shot Blocked by Nate Clurman.
10:42 of 3rd period - Puck is out of play.
10:43 of 3rd period - Marco Rossi wins face-off versus Jean-Luc Foudy in Colorado Eagles zone.
10:58 of 3rd period - Slapshot by Adam Raska.
10:58 of 3rd period - Shot Blocked by Keaton Middleton.
11:21 of 3rd period - Off-side.
11:22 of 3rd period - Ondrej Pavel wins face-off versus Jacob Lucchini in neutral zone.
11:54 of 3rd period - Wrist shot by Ben Meyers.
11:54 of 3rd period - Stopped by Michael Hutchinson without a rebound.
11:55 of 3rd period - Marco Rossi wins face-off versus Ben Meyers in Iowa Wild zone.
12:20 of 3rd period - Bowen Byram is hit by Nic Petan and loses puck.
12:47 of 3rd period - Snap shot by Ben Meyers.
12:47 of 3rd period - Deflect By Riley Tufte.
12:47 of 3rd period - Shot Misses the Net.
12:47 of 3rd period - Puck is out of play.
12:48 of 3rd period - Marco Rossi wins face-off versus Ben Meyers in Iowa Wild zone.
12:56 of 3rd period - Minor Penalty to Keaton Middleton for Interference.
12:57 of 3rd period - Sammy Walker wins face-off versus Riley Tufte in Colorado Eagles zone.
13:08 of 3rd period - Snap shot by Nic Petan.
13:08 of 3rd period - Shot Blocked by Chris Wagner.
13:10 of 3rd period - Snap shot by Brock Faber.
13:10 of 3rd period - Deflect By Sammy Walker.
13:10 of 3rd period - Goal by Sammy Walker - Colorado Eagles : 3 - Iowa Wild : 4.
13:11 of 3rd period - Ben Meyers wins face-off versus Jacob Lucchini in neutral zone.
13:21 of 3rd period - Wrist shot by Jacob Lucchini.
13:21 of 3rd period - Stopped by Ivan Prosvetov with a rebound.
13:56 of 3rd period - Icing by Brock Faber.
13:57 of 3rd period - Ondrej Pavel wins face-off versus Nic Petan in Iowa Wild zone.
13:58 of 3rd period - Slapshot by Brad Hunt.
13:58 of 3rd period - Stopped by Michael Hutchinson with a rebound.
14:00 of 3rd period - Snap shot by Alex Beaucage.
14:00 of 3rd period - Stopped by Michael Hutchinson with a rebound.
14:02 of 3rd period - Snap shot by Spencer Smallman.
14:02 of 3rd period - Deflect By Alex Beaucage.
14:02 of 3rd period - Stopped by Michael Hutchinson with a rebound.
14:04 of 3rd period - Snap shot by Alex Beaucage.
14:04 of 3rd period - Shot Blocked by Brock Faber.
14:06 of 3rd period - Slapshot by Brad Hunt.
14:06 of 3rd period - Goal by Brad Hunt - Colorado Eagles : 4 - Iowa Wild : 4.
14:07 of 3rd period - Ben Meyers wins face-off versus Adam Raska in neutral zone.
14:32 of 3rd period - Brock Faber is hit by Jean-Luc Foudy and loses puck.
14:39 of 3rd period - Wrist shot by Sampo Ranta.
14:39 of 3rd period - Shot Misses the Net.
14:41 of 3rd period - Wrist shot by Jean-Luc Foudy.
14:41 of 3rd period - Shot Blocked by Brock Faber.
14:47 of 3rd period - Minor Penalty to Dakota Mermis for Roughing.
14:48 of 3rd period - Nic Petan wins face-off versus Ben Meyers in Iowa Wild zone.
15:03 of 3rd period - Slapshot by Bowen Byram.
15:03 of 3rd period - Shot Blocked by Brock Faber.
15:23 of 3rd period - Slapshot by Bowen Byram.
15:23 of 3rd period - Shot Blocked by Ryan O'Rourke.
16:47 of 3rd period - Penalty to Dakota Mermis is over, Dakota Mermis is back on ice.
17:31 of 3rd period - Ryan O'Rourke is hit by Ben Meyers.
18:27 of 3rd period - Brock Faber is hit by Spencer Smallman and loses puck.
Goals for this period are 1 for Colorado Eagles vs 1 for Iowa Wild.
Shots for this period are 7 for Colorado Eagles vs 7 for Iowa Wild.

Overtime #1


0:01 of 1st overtime period - Ben Meyers wins face-off versus Nic Petan in neutral zone.
0:05 of 1st overtime period - Icing by Dakota Mermis.
0:06 of 1st overtime period - Nic Petan wins face-off versus Ben Meyers in Iowa Wild zone.
0:19 of 1st overtime period - Slapshot by Ben Meyers.
0:19 of 1st overtime period - Shot Blocked by Dakota Mermis.
1:17 of 1st overtime period - Slapshot by Bowen Byram.
1:17 of 1st overtime period - Stopped by Michael Hutchinson with a rebound.
2:14 of 1st overtime period - Adam Beckman is hit by Brad Hunt and loses puck.
2:53 of 1st overtime period - Snap shot by Sammy Walker.
2:53 of 1st overtime period - Stopped by Ivan Prosvetov with a rebound.
4:55 of 1st overtime period - Icing by Ben Meyers.
4:56 of 1st overtime period - Sampo Ranta wins face-off versus Marco Rossi in Colorado Eagles zone.
Goals for this period are 0 for Colorado Eagles vs 0 for Iowa Wild.
Shots for this period are 1 for Colorado Eagles vs 1 for Iowa Wild.

ShootOut


5:00 of 1st overtime period - Round #1.
5:00 of 1st overtime period - Colorado Eagles, Chris Wagner.
5:00 of 1st overtime period - Snap shot by Chris Wagner.
5:00 of 1st overtime period - Goal by Chris Wagner.
5:00 of 1st overtime period - Iowa Wild, Adam Beckman.
5:00 of 1st overtime period - Wrist shot by Adam Beckman.
5:00 of 1st overtime period - Stopped by Ivan Prosvetov.
5:00 of 1st overtime period - Round #2.
5:00 of 1st overtime period - Colorado Eagles, Riley Tufte.
5:00 of 1st overtime period - Wrist shot by Riley Tufte.
5:00 of 1st overtime period - Stopped by Michael Hutchinson.
5:00 of 1st overtime period - Iowa Wild, Nick Ritchie.
5:00 of 1st overtime period - Deke by Nick Ritchie.
5:00 of 1st overtime period - Goal by Nick Ritchie.
5:00 of 1st overtime period - Round #3.
5:00 of 1st overtime period - Colorado Eagles, Ben Meyers.
5:00 of 1st overtime period - Snap shot by Ben Meyers.
5:00 of 1st overtime period - Shot Misses the Net.
5:00 of 1st overtime period - Iowa Wild, Nic Petan.
5:00 of 1st overtime period - Deke by Nic Petan.
5:00 of 1st overtime period - Stopped by Ivan Prosvetov.
5:00 of 1st overtime period - Round #4.
5:00 of 1st overtime period - Colorado Eagles, Sampo Ranta.
5:00 of 1st overtime period - Deke by Sampo Ranta.
5:00 of 1st overtime period - Stopped by Michael Hutchinson.
5:00 of 1st overtime period - Iowa Wild, Jacob Lucchini.
5:00 of 1st overtime period - Snap shot by Jacob Lucchini.
5:00 of 1st overtime period - Shot Misses the Net.
5:00 of 1st overtime period - Round #5.
5:00 of 1st overtime period - Colorado Eagles, Jean-Luc Foudy.
5:00 of 1st overtime period - Wrist shot by Jean-Luc Foudy.
5:00 of 1st overtime period - Stopped by Michael Hutchinson.
5:00 of 1st overtime period - Iowa Wild, Sammy Walker.
5:00 of 1st overtime period - Deke by Sammy Walker.
5:00 of 1st overtime period - Stopped by Ivan Prosvetov.
5:00 of 1st overtime period - Round #6.
5:00 of 1st overtime period - Colorado Eagles, Brad Hunt.
5:00 of 1st overtime period - Backhand shot by Brad Hunt.
5:00 of 1st overtime period - Stopped by Michael Hutchinson.
5:00 of 1st overtime period - Iowa Wild, Marco Rossi.
5:00 of 1st overtime period - Snap shot by Marco Rossi.
5:00 of 1st overtime period - Shot Misses the Net.
5:00 of 1st overtime period - Round #7.
5:00 of 1st overtime period - Colorado Eagles, Keaton Middleton.
5:00 of 1st overtime period - Deke by Keaton Middleton.
5:00 of 1st overtime period - Stopped by Michael Hutchinson.
5:00 of 1st overtime period - Iowa Wild, Vinni Lettieri.
5:00 of 1st overtime period - Snap shot by Vinni Lettieri.
5:00 of 1st overtime period - Goal by Vinni Lettieri.